 Dungeon Crawl Stone Soup version 0.31-a0-1074-g0b22e4e0f1 (webtiles) character file.

Game seed: 13103494465969397810

63578 nucleargodhead the Fencer (level 15, -5/88 HPs)
             Began as a Vine Stalker Fighter on Nov 26, 2023.
             Was a High Priest of Ru.
             Slain by a skeletal warrior
             ... wielding a +0 glaive
              (10 damage)
             ... on level 13 of the Dungeon on Nov 28, 2023.
             The game lasted 01:03:09 (19087 turns).

nucleargodhead the Fencer (Vine Stalker Fighter)   Turns: 19087, Time: 01:03:10

Health: -5/88      AC: 20    Str: 23    XL:     15   Next: 10%
Magic:  0/16       EV: 16    Int:  5    God:    Ru [*****.]
Gold:   1423       SH:  5    Dex: 21    Spells: 14/14 levels left

rFire   . . .        C - +9 long sword (drain)
rCold   + + .        P - +0 buckler {rF+}
rNeg    + + .        R - +1 plate armour {rPois}
rPois   +            (no helmet)
rElec   .            c - +2 cloak of the Gastropod {rC+++ Int-3 Dex+4}
rCorr   +            j - +0 pair of gloves
SInv    +            Z - +0 pair of boots
Will    +....        (no amulet) Stlth
                     t - +5 ring of evasion
HPRegen 1.14/turn    S - ring "Jinnuhut" {rN++ rCorr SInv}
MPRegen 0.15/turn

%: guardian spirit
@: about to teleport
A: fangs 3, regeneration 1, magic shield, antimagic bite, no potion heal 2,
hated by all, no hexes magic, no necromancy magic, no poison magic, temperature
sensitive, no forms
a: Renounce Religion, Sacrifice Stealth, Sacrifice an Eye, Sacrifice Skill,
Reject Sacrifices, Draw Out Power, Power Leap, Apocalypse


You were on level 13 of the Dungeon.
You worshipped Ru.
Ru was extremely pleased with you.
You visited 3 branches of the dungeon, and saw 21 of its levels.
You also visited: Gauntlet and Volcano.

You collected 1423 gold pieces.

Inventory:

Hand Weapons
 p - a +0 great sword
 C - a +9 long sword of draining (weapon)
 H - a +3 scimitar of flaming
Armour
 c - the +2 cloak of the Gastropod (worn) {rC+++ Int-3 Dex+4}
   (You found it in a Gauntlet)

   Int-3:     It affects your intelligence (-3).
   Dex+4:     It affects your dexterity (+4).
   rC+++:     It renders you almost immune to cold.
 j - a +0 pair of gloves (worn)
 G - +0 swamp dragon scales
 P - a +0 buckler of fire resistance (worn)
 Q - +0 fire dragon scales
 R - a +1 plate armour of poison resistance (worn)
 Z - a +0 pair of boots (worn)
Jewellery
 i - a +6 ring of strength
 n - a ring of protection from fire
 t - a +5 ring of evasion (left hand)
 F - a ring of positive energy
 M - a ring of positive energy
 S - the ring "Jinnuhut" (right hand) {rN++ rCorr SInv}
   (You found it in a Gauntlet)

   [ring of resist corrosion]

   rN++:      It greatly protects you from negative energy.
   SInv:      It lets you see invisible.
   rCorr:     It protects you from acid and corrosion.
 W - a ring of resist corrosion
 X - an amulet of faith
Wands
 d - a wand of polymorph (5)
 s - a wand of digging (5)
 w - a wand of flame (14)
 y - a wand of paralysis (15)
 z - a wand of acid (29)
 L - a wand of mindburst (10)
 V - a wand of iceblast (6)
Scrolls
 a - a scroll of enchant weapon
 b - 3 scrolls of fear
 e - 4 scrolls of noise
 f - 3 scrolls of enchant armour
 l - 5 scrolls of amnesia
 m - 5 scrolls of teleportation
 o - a scroll of acquirement {unknown}
 r - 2 scrolls of immolation
 u - a scroll of summoning {unknown}
 v - 3 scrolls of fog
 A - 4 scrolls of vulnerability
 K - 2 scrolls of revelation {unknown}
 N - a scroll of silence {unknown}
 T - 2 scrolls of brand weapon {unknown}
 U - a scroll of torment
 Y - a scroll of poison {unknown}
Potions
 g - 3 potions of curing
 h - 7 potions of heal wounds
 k - 3 potions of enlightenment {unknown}
 q - 5 potions of haste {unknown}
 x - a potion of resistance {unknown}
 B - 4 potions of cancellation {unknown}
 D - 4 potions of invisibility {unknown}
 E - a potion of ambrosia {unknown}
 I - a potion of degeneration {unknown}
 J - 3 potions of lignification {unknown}
 O - a potion of magic {unknown}


   Skills:
 - Level 14.7 Fighting
 - Level 15.3 Long Blades
 + Level 8.4 Armour
 + Level 7.9 Dodging
 - Level 2.6 Shields


You had 14 spell levels left.
You didn't know any spells.
Your spell library contained the following spells:

 Spells                   Type           Power      Damage    Failure   Level
 Sticky Flame             Conj/Fire      0%         2d3       100%        4
 Fireball                 Conj/Fire      0%         3d3       100%        5
 Iskenderun's Battlesphe  Conj           0%         2d6       100%        5
 Lee's Rapid Deconstruct  Erth           0%         3d4*      100%        5
 Bombard                  Conj/Erth      0%         9d1       100%        6
 Ignition                 Fire           0%         3d3       100%        8
 Summon Small Mammal      Summ           Unusable   N/A       N/A         1
 Call Canine Familiar     Summ           Unusable   N/A       N/A         3
 Ignite Poison            Fire/Tmut/Pois Unusable   N/A       N/A         3
 Summon Guardian Golem    Hex/Summ       Unusable   N/A       N/A         3
 Animate Armour           Summ/Erth      Unusable   N/A       N/A         4
 Cause Fear               Hex            Unusable   N/A       N/A         4
 Summon Lightning Spire   Summ/Air       Unusable   N/A       N/A         4
 Spellforged Servitor     Conj/Summ      Unusable   N/A       N/A         7
 Dragon's Call            Summ           Unusable   N/A       N/A         9

Dungeon Overview and Level Annotations

Branches:
Dungeon (15/15)            Temple (1/1) D:5            Lair (5/5) D:8
  Swamp (0/4) Lair:3        Snake (0/4) Lair:3        Slime (0/5) Lair:4
    Orc (0/2) D:10         Depths (0/4) D:15        Volcano (visited)
Gauntlet (visited)
 Vaults: D:13-14

Altars:
Ashenzari
Cheibriados
Dithmenos
Elyvilon
Gozag
Kikubaaqudgha
Makhleb
Nemelex Xobeh
Okawaru
Qazlal
Ru
Sif Muna
Trog
Uskayaw
Vehumet
Wu Jian
Xom
Zin
The Shining One

Shops:
D:2 =   D:10 !

Portals:
Abyss: D:6

Annotations:
D:6 2 transporters, bmb222's ghost, novice FoFi
Lair:1 1 runed translucent door, Jeffwins's ghost, journeyman TrCj
Lair:2 2 transporters, Arex's ghost, journeyman DrIE


Innate Abilities, Weirdness & Mutations

You have razor-sharp teeth.
Your natural rate of healing is unusually fast.
When hurt, damage is shared between your health and your magic reserves.
Your bite disrupts and absorbs the magic of your enemies.
Potions cannot restore your health.
You are hated by all.
You cannot study or cast Hexes magic.
You cannot study or cast Necromancy magic.
You cannot study or cast Poison magic.
You are sensitive to extremes of temperature. (rF-, rC-)
You cannot voluntarily change form.


Message History

The skeletal warrior hits you but does no damage.
You block the skeletal warrior's attack.
Unknown command.
You hit the skeletal warrior but do no damage.
You bite the skeletal warrior. You drain its power.
You feel invigorated.
The skeletal warrior is lightly damaged.
Unknown command.
You hit the skeletal warrior but do no damage.
You bite the skeletal warrior. You drain its power.
You feel invigorated.
The skeletal warrior is lightly damaged.
The skeletal warrior hits you from afar with a +0 glaive!!
The skeletal warrior completely misses you.
The tengu warrior barely misses you.
You hit the skeletal warrior but do no damage.
You bite the skeletal warrior, but do no damage.
The skeletal warrior is lightly damaged.
The skeletal warrior completely misses you.
The skeletal warrior hits you with a +0 battleaxe!!
The tengu warrior hits you from afar with a +0 bardiche!
* * * LOW HITPOINT WARNING * * *
The skeletal warrior attacks as it pursues you!
The skeletal warrior hits you with a +0 battleaxe!
* * * LOW HITPOINT WARNING * * *
You see here a wand of paralysis (6).
The skeletal warrior attacks as it pursues you!
The skeletal warrior completely misses you.
The skeletal warrior attacks as it pursues you!
The skeletal warrior closely misses you.
Okay, then.
Unknown command.
Unknown command.
The skeletal warrior attacks as it pursues you!
The skeletal warrior closely misses you.
There is an open door here.
As you read the scroll of teleportation, it crumbles to dust.
You feel strangely unstable.
The skeletal warrior hits you with a +0 battleaxe!
* * * LOW HITPOINT WARNING * * *
The skeletal warrior hits you from afar with a +0 glaive!
You die...

###### # ##########....# #
#....#...#....# #
#....'...#.$..# #
#....#...#....# #
#....#...#....#
#######..####'#..zz#####...
......#######.##@##..z....#
......+...........#)......#
......#...........+.......#
......#...........#.......#
......####.###+####.......#
..##'##.##.### #.....>.#
..#......#...# #......<#
..#......'...# +.......#
..#########+##


You could see 2 skeletal warriors.

Vanquished Creatures
  A stone giant (D:15)
  A minotaur (Gauntlet)
  2 hydras
  Erica (Lair:1)
  A catoblepas (Gauntlet)
  An ogre mage (D:15)
  A dancing weapon (Volcano)
  A boulder beetle (D:15)
  15 death yaks
  4 two-headed ogres
  A tengu warrior (D:13)
  2 occultists (Volcano)
  Sonja (D:11)
  2 skysharks
  An obsidian statue (Gauntlet)
  A harpy (shapeshifter) (D:13)
  A deep elf pyromancer (D:10)
  3 orc knights (D:15)
  An orc sorcerer (D:15)
  2 cyclopes (D:15)
  9 elephants
  A salamander (Lair:3)
  4 toenail golems (Volcano)
  A torpor snail (Lair:5)
  A black mamba (Lair:4)
  A molten gargoyle (Gauntlet)
  7 cane toads
  Maggie (D:8)
  A gargoyle (Gauntlet)
  Jeremiah (Lair:1)
  A kobold demonologist (D:10)
  4 komodo dragons
  2 rime drakes
  A troll (D:11)
  3 meliai (D:15)
  7 polar bears
  5 hornets (Lair:5)
  11 blink frogs
  A tyrant leech (Lair:3)
  A dream sheep (Lair:5)
  3 raiju (D:15)
  4 slime creatures
  An air elemental (D:15)
  14 spriggans (Lair:5)
  8 wyverns
  4 humans (Volcano)
  A wraith (D:10)
  47 yaks
  7 vampire mosquitoes (D:11)
  A steam dragon (D:9)
  4 basilisks
  2 nagas (Lair:3)
  14 water moccasins
  4 acid dragons
  A swamp worm (Lair:3)
  8 orc warriors
  8 black bears
  4 ogres (D:15)
  4 boggarts (Lair:5)
  32 wolves
  3 centaurs
  A phantom (D:5)
  6 kobold brigands
  9 bullfrogs
  A gnoll sergeant (D:8)
  4 scorpions
  7 wights
  8 killer bees
  5 howler monkeys
  8 electric eels
  A centaur zombie (D:4)
  A lava snake (D:9)
  3 hounds
  14 jellies
  An orc priest (D:6)
  2 sleepcaps (D:7)
  3 iguanas
  13 orc wizards
  9 hell rats
  A hound zombie (D:4)
  8 adders
  5 gnolls (D:7)
  2 shadow imps (D:6)
  2 adder zombies (D:4)
  3 worms
  A dart slug (D:1)
  23 orcs
  10 ball pythons
  An endoplasm (D:3)
  2 giant cockroaches
  8 goblins
  7 hobgoblins
  4 jackals (D:4)
  36 kobolds
  6 quokkas
  2 bats
  2 frilled lizards
  5 rats
504 creatures vanquished.

Vanquished Creatures (others)
  A gargoyle (Gauntlet)
1 creature vanquished.

Grand Total: 505 creatures vanquished

Notes
Turn   | Place    | Note
-------+----------+-------------------------------------------
     0 | D:1      | nucleargodhead the Vine Stalker Fighter began the quest for
                  | the Orb.
     0 | D:1      | Reached XP level 1. HP: 11/11 MP: 2/2
    30 | D:1      | Reached skill level 2 in Long Blades
    82 | D:1      | Reached XP level 2. HP: 16/16 MP: 1/3
   452 | D:2      | Reached XP level 3. HP: 19/20 MP: 2/4
   709 | D:2      | Reached skill level 3 in Long Blades
   715 | D:2      | Found Epnov's Jewellery Emporium.
  1206 | D:3      | Reached XP level 4. HP: 23/24 MP: 5/5
  2414 | D:4      | Reached XP level 5. HP: 19/29 MP: 2/6
  2497 | D:4      | Reached skill level 4 in Long Blades
  2525 | D:4      | Found a blossoming altar of Fedhas.
  2575 | D:4      | Reached XP level 6. HP: 15/33 MP: 7/7
  2935 | D:4      | Reached skill level 5 in Long Blades
  2946 | D:4      | Found a basalt altar of Yredelemnul.
  3151 | D:5      | Entered Level 5 of the Dungeon
  3346 | D:5      | Found a broken altar of Ashenzari.
  3461 | D:5      | Found a white marble altar of Elyvilon.
  3673 | D:5      | Reached XP level 7. HP: 36/38 MP: 6/8
  3843 | D:5      | Reached skill level 6 in Long Blades
  3888 | D:5      | Found a staircase to the Ecumenical Temple.
  3928 | D:5      | Reached skill level 5 in Fighting
  3953 | Temple   | Entered the Ecumenical Temple
  3953 | Temple   | Noticed a Tzitzimitl
  3953 | Temple   | Noticed a Brimstone Fiend
  3953 | Temple   | Noticed a chaos spawn
  3953 | Temple   | Noticed a rust devil
  3954 | Temple   | Noticed Kohoc the pandemonium lord
  3954 | Temple   | Noticed Cuogono the pandemonium lord
  3955 | Temple   | Noticed a sun demon
  3979 | Temple   | Noticed an Executioner
  3979 | Temple   | Noticed Niciskink the pandemonium lord
  4002 | Temple   | Noticed Duizishri the pandemonium lord
  4003 | Temple   | Noticed a red devil
  4011 | Temple   | Noticed a Tzitzimitl
  4011 | Temple   | Noticed Vipeneabb the pandemonium lord
  4027 | Temple   | Noticed a Tzitzimitl
  4028 | Temple   | Noticed a sixfirhy
  4028 | Temple   | Noticed Jovodoss the pandemonium lord
  4028 | Temple   | Noticed an ice devil
  4030 | Temple   | an ice devil changed into a red devil
  4030 | Temple   | Noticed a red devil
  4144 | Temple   | Noticed an ice devil
  4150 | Temple   | Became a worshipper of Ru the Awakened
  4163 | Temple   | an ice devil changed into a rust devil
  4163 | Temple   | Noticed a rust devil
  4472 | D:6      | Gained mutation: You have razor-sharp teeth. [Vine Stalker
                  | growth]
  4472 | D:6      | Reached XP level 8. HP: 41/43 MP: 9/9
  4606 | D:6      | Noticed a brown ugly thing
  4630 | D:6      | Reached skill level 7 in Long Blades
  4855 | D:6      | Noticed a small abomination
  4871 | D:6      | Found a transporter.
  4906 | D:6      | Found a one-way gate to the infinite horrors of the Abyss.
  4906 | D:6      | Noticed bmb222's ghost (novice FoFi)
  4912 | D:6      | Found a transporter.
  5072 | D:6      | Noticed a toenail golem
  5499 | D:7      | Found an ancient bone altar of Kikubaaqudgha.
  5515 | D:7      | Reached skill level 8 in Long Blades
  5689 | D:7      | Noticed a wyvern
  5701 | D:7      | Killed a wyvern
  5702 | D:7      | Reached XP level 9. HP: 12/49 MP: 2/10
  6374 | D:7      | Reached skill level 9 in Long Blades
  6512 | D:8      | Found an iron altar of Okawaru.
  6830 | D:8      | Found a staircase to the Lair.
  6910 | D:7      | Reached XP level 10. HP: 21/57 MP: 8/11
  6912 | D:7      | Reached skill level 10 in Long Blades
  7460 | D:9      | Noticed a two-headed ogre
  7974 | D:9      | Killed a two-headed ogre
  7975 | D:9      | Reached skill level 10 in Fighting
  7975 | D:9      | Reached skill level 11 in Long Blades
  8441 | D:9      | Found a hide-covered altar of Uskayaw.
  8468 | D:9      | Gained mutation: You cannot voluntarily change form. [Ru
                  | sacrifice]
  8539 | Lair:1   | Entered Level 1 of the Lair of Beasts
  8539 | Lair:1   | Noticed Maggie
  8675 | D:8      | Killed Maggie
  8908 | Lair:1   | Reached XP level 11. HP: 32/58 MP: 12/12
  9052 | Lair:1   | Noticed Erica
  9063 | Lair:1   | Killed Erica
  9246 | Lair:1   | Noticed Jeremiah
  9324 | Lair:1   | Killed Jeremiah
  9325 | Lair:1   | Reached skill level 12 in Long Blades
  9517 | Lair:1   | Found a runed translucent door.
  9518 | Lair:1   | Noticed Jeffwins's ghost (journeyman TrCj)
  9555 | Lair:2   | Noticed a seven-headed hydra
  9564 | Lair:2   | Killed a two-headed hydra
  9597 | Lair:2   | Noticed Arex's ghost (journeyman DrIE)
  9598 | Lair:2   | Noticed a skyshark
  9599 | Lair:2   | Noticed an eight-headed hydra
  9609 | Lair:2   | Killed a skyshark
  9902 | Lair:2   | Identified the +4 robe "Qoaqitz" {Dex+5 Archmagi}
  9936 | Lair:2   | Found a transporter.
  9948 | Lair:2   | Found a transporter.
  9994 | Lair:2   | Noticed a skyshark
 10315 | Lair:3   | Noticed a four-headed hydra
 10321 | Lair:3   | Killed a one-headed hydra
 10322 | Lair:3   | Reached XP level 12. HP: 71/71 MP: 11/13
 10366 | Lair:3   | Found a staircase to the Swamp.
 10382 | Lair:3   | Reached skill level 13 in Long Blades
 10901 | Lair:3   | Gained mutation: You are hated by all. [Ru sacrifice]
 10901 | Lair:3   | Reached * piety under Ru
 10901 | Lair:3   | Reached ** piety under Ru
 11192 | Lair:3   | Found a staircase to the Snake Pit.
 11834 | Lair:4   | Noticed a skyshark
 11840 | Lair:4   | Killed a skyshark
 12079 | Lair:4   | Found a dark tunnel.
 12084 | Volcano  | Entered a volcano
 12099 | Volcano  | Reached skill level 14 in Long Blades
 12176 | Volcano  | Noticed an occultist
 12199 | Volcano  | Killed an occultist
 12303 | Volcano  | Noticed an occultist
 12329 | Volcano  | Killed an occultist
 12330 | Volcano  | Reached XP level 13. HP: 9/78 MP: 2/14
 12610 | Lair:4   | Found a staircase to the Slime Pits.
 13254 | Lair:5   | Entered Level 5 of the Lair of Beasts
 13274 | Lair:4   | Gained mutation: You are sensitive to extremes of
                  | temperature. (rF-, rC-) [Ru sacrifice]
 13274 | Lair:4   | Reached *** piety under Ru
 13274 | Lair:4   | Reached **** piety under Ru
 13297 | Lair:5   | Found a sparkling altar of Nemelex Xobeh.
 13422 | Lair:5   | Reached skill level 15 in Long Blades
 13533 | Lair:5   | Found a gate leading to a gauntlet.
 13568 | Gauntlet | Entered a Gauntlet
 13568 | Gauntlet | Found a transporter.
 13568 | Gauntlet | Found a transporter.
 13569 | Gauntlet | Found a transporter.
 13569 | Gauntlet | Found a transporter.
 13572 | Gauntlet | Found a transporter.
 13593 | Gauntlet | Found a transporter.
 13648 | Gauntlet | Found a transporter.
 13650 | Gauntlet | Found a large runed translucent door.
 13651 | Gauntlet | Found a large runed translucent door.
 13652 | Gauntlet | Found a large runed translucent door.
 13652 | Gauntlet | Found a large runed translucent door.
 13652 | Gauntlet | Found a runed translucent door.
 13652 | Gauntlet | Found a runed translucent door.
 13653 | Gauntlet | Found a large runed translucent door.
 13654 | Gauntlet | Found a large runed translucent door.
 13655 | Gauntlet | Found a large runed translucent door.
 13655 | Gauntlet | Found a large runed translucent door.
 13656 | Gauntlet | Found a runed translucent gate.
 13656 | Gauntlet | Found a runed translucent gate.
 13656 | Gauntlet | Found a runed translucent gate.
 13658 | Gauntlet | Found a transporter.
 13667 | Gauntlet | Found a large runed translucent door.
 13667 | Gauntlet | Found a large runed translucent door.
 13668 | Gauntlet | Found a large runed translucent door.
 13669 | Gauntlet | Found a large runed translucent door.
 13673 | Gauntlet | Found a transporter.
 13683 | Gauntlet | Found a transporter.
 13698 | Gauntlet | Found a transporter.
 13704 | Gauntlet | Found a transporter.
 13736 | Gauntlet | Found a large runed translucent door.
 13737 | Gauntlet | Found a large runed translucent door.
 13738 | Gauntlet | Found a large runed translucent door.
 13738 | Gauntlet | Found a large runed translucent door.
 13804 | Gauntlet | Identified the +2 cloak of the Gastropod {rC+++ Int-3
                  | Dex+4}
 13933 | Gauntlet | Identified the ring "Jinnuhut" {rN++ rCorr SInv}
 14005 | Gauntlet | Noticed a minotaur
 14017 | Gauntlet | Killed a minotaur
 14174 | Lair:5   | Reached skill level 1 in Dodging
 14766 | Lair:4   | Reached XP level 14. HP: 84/84 MP: 15/15
 14989 | Lair:4   | Reached skill level 5 in Armour
 15396 | Lair:4   | Reached skill level 5 in Dodging
 16241 | D:10     | Entered Level 10 of the Dungeon
 16283 | D:10     | Gained mutation: You cannot study or cast Poison magic. [Ru
                  | sacrifice]
 16283 | D:10     | Gained mutation: You cannot study or cast Hexes magic. [Ru
                  | sacrifice]
 16283 | D:10     | Gained mutation: You cannot study or cast Necromancy magic.
                  | [Ru sacrifice]
 16283 | D:10     | Reached ***** piety under Ru
 16744 | D:10     | Found Sijok's Distillery.
 16758 | D:10     | Found a staircase to the Orcish Mines.
 17431 | D:11     | Noticed Sonja
 17439 | D:11     | Killed Sonja
 17899 | D:12     | You fall into a shaft and drop 3 floors!
 17899 | D:15     | Entered Level 15 of the Dungeon
 18026 | D:15     | Paralysed by an air elemental for 1 turns
 18143 | D:15     | Paralysed by an air elemental for 1 turns
 18472 | D:15     | Paralysed by an orc sorcerer for 4 turns
 18711 | D:15     | Noticed a stone giant
 18712 | D:15     | Found a staircase to the Depths.
 18718 | D:15     | Killed a stone giant
 18719 | D:15     | Reached XP level 15. HP: 88/88 MP: 16/16
 19087 | D:13     | Slain by a skeletal warrior

Illustrated notes

Levels and vault maps discovered:
D:1:      spicycebolla_arrival_risky_transporter, layout_rooms
D:2:      layout_loops_ring, serial_shops, nicolae_shop_advertising_works
          [nicolae_subvault_shop_adworks]
D:3:      layout_basic
D:4:      layout_basic, fedhas_altar_1, nicolae_yredelemnul_corpse_copse
D:5:      layout_basic, nicolae_ashenzari_panopticon, general_overflow_altar,
          minmay_temple_entry_fiery
D:6:      layout_gridville, serial_glass, glass_columns_b, glass_columns_b,
          gammafunk_ghost_abyssal_escape
D:7:      layout_basic, mainiacjoe_overflow_paths
D:8:      layout_rooms, mainiacjoe_overflow_small_starburst,
          minmay_lair_entry_grove
D:9:      layout_loops_ring, nicolae_uskayaw_suspiria, serial_bayou,
          serial_bayou_lagoon_b, serial_bayou_shore_a, serial_bayou_ford_a,
          serial_bayou_pond_e
D:10:     layout_long_grid, orc_0_dummy, serial_shops,
          nicolae_shop_industrial_runoff, guppyfry_early_elven_hall
D:11:     layout_irregular_city, uniq_sonja
D:12:     layout_basic, uniq_rupert
D:13:     layout_gridville, david_vaults_5, tgw_sif
D:14:     layout_roguey, serial_shops, shop, serial_bayou_pond_e,
          roadster_capsule_ark_zombie, uniq_louise
D:15:     grunt_enter_depths_giant_problem, layout_cave_pods,
          nicolae_benzene_ring, hellmonk_talismancer
Temple:   nicolae_temple_panitentiary
Lair:1:   layout_misc_corridors, gammafunk_ghost_grave, minmay_holes,
          serial_bayou_lagoon_a, minivault_23, lemuel_fruit_tree, uniq_maggie,
          uniq_erica, uniq_jeremiah
Lair:2:   layout_misc_corridors, nzn_ghost_randoct, forest_entry_grove
Lair:3:   layout_gridlike, minmay_swamp_entry_worms, alex1729_snake_entry_snake,
          gammafunk_lair_bear_cave
Lair:4:   layout_roguey, minmay_slime_entry_jelly_boxes,
          nicolae_volcano_entry_s_turn
Lair:5:   minmay_lair_end_enchanted_forest, layout_cave_shapes,
          gauntlet_entry_generic, basic_altar

Skill      XL: |  1  2  3  4  5  6  7  8  9 10 11 12 13 14 |
---------------+-------------------------------------------+-----
Long Blades    | 2 3 4 5 6 8 9 11 12 14 15 | 15.3
Fighting       | 3 4 5 6 8 10 12 13 14 | 14.7
Dodging        | 3 7 |  7.9
Armour         | 4 8 |  8.4
Shields        | |  2.6

Action                     |  1- 3 |  4- 6 |  7- 9 | 10-12 | 13-15 || total
---------------------------+-------+-------+-------+-------+-------++-------
  Melee: Long sword        |    85 |   152 |   368 |   480 |   836 ||  1921
         Bite              |    17 |    49 |    88 |   192 |   357 ||   703
         Scimitar          |       |       |       |    40 |       ||    40
 Invoke: Sacrifice Forms   |       |       |       |     1 |       ||     1
         Sacrifice Love    |       |       |       |     1 |       ||     1
         Sacrifice Resista |       |       |       |       |     1 ||     1
         Sacrifice Arcana  |       |       |       |       |     1 ||     1
  Evoke: Wand              |       |       |     7 |    18 |     2 ||    27
    Use: Potion            |       |     1 |     2 |     2 |     1 ||     6
         Scroll            |       |       |       |    16 |     8 ||    24
   Stab: Paralysed         |       |       |     1 |     2 |     1 ||     4
         Distracted        |       |       |       |     1 |     5 ||     6
         Invisible         |       |       |       |       |     2 ||     2
 Armour: Scale mail        |    31 |       |       |       |       ||    31
         Chain mail        |    24 |   118 |   306 |   418 |       ||   866
         Skin              |       |       |     1 |       |       ||     1
         Swamp dragon scal |       |       |       |       |   107 ||   107
         Plate armour      |       |       |       |       |   370 ||   370
  Dodge: Dodged            |    30 |    70 |   265 |   330 |   396 ||  1091
  Block: Buckler           |    11 |    35 |   139 |   106 |   171 ||   462

Table legend: (Time is in decaauts)
 A = Elapsed time spent in this place.
 B = Non-inter-level travel time spent in this place.
 C = Inter-level travel time spent in this place.
 D = Time resting spent in this place.
 E = Time spent auto-exploring this place.
 F = Levels seen in this place.
 G = Mean time per level.
                   A        B        C        D        E       F      G
               +--------+--------+--------+--------+--------+-----+--------+
         Total |  18938 |  18084 |    854 |   3006 |  10254 |  23 |  823.4 |
       Dungeon |  11534 |  11128 |    406 |   1471 |   7265 |  15 |  768.9 |
        Temple |    212 |    198 |     14 |      0 |      0 |   1 |  212.0 |
          Lair |   6169 |   5735 |    434 |   1331 |   2655 |   5 | 1233.8 |
       Volcano |    477 |    477 |      0 |    129 |    114 |   1 |  477.0 |
      Gauntlet |    543 |    543 |      0 |     75 |    219 |   1 |  543.0 |
               +--------+--------+--------+--------+--------+-----+--------+

Top non-repeatable levels by time:
  Lair:3: 1698 daAuts
  Lair:5: 1426 daAuts
  Lair:4: 1362 daAuts
     D:7: 1339 daAuts
     D:8: 1335 daAuts
     D:3: 1162 daAuts
     D:5: 1042 daAuts
     D:9: 1018 daAuts
  Lair:2: 962 daAuts
    D:15: 960 daAuts
     D:4: 840 daAuts
     D:6: 830 daAuts
     D:2: 821 daAuts
    D:10: 799 daAuts
  Lair:1: 719 daAuts
